Map: 瑟拉斯废墟

Players

shengy - Winner!

  • Race: Zerg Zerg
  • League: Platinum

JOKEOFF

  • Race: Protoss Protoss
  • League: Platinum

VOD

Have the link to the VOD?

Description

Time

  • Played on: Jan. 1, 2016, 1:22 a.m.
  • Length: 12:43
Show
View Real Time Build Order
Export as new Build Order

shengy Zerg - Winner!

Build Orders: 3 Hatch before Pool 

Get SALT Encoding   

  12  0:01  Drone  
  13  0:09  Drone  
  14  0:18  Overlord  
  14  0:26  Drone, Extractor  
  15  0:36  Drone x2  
  17  0:57  Hatchery  
  16  1:04  Drone  
  17  1:13  Drone  
  18  1:29  Drone  
  18  1:31  Hatchery  
  18  1:46  Drone  
  19  1:47  Spawning Pool  
  19  1:51  Drone  
  19  1:57  Overlord  
  19  2:13  Drone x3  
  22  2:33  Drone x2  
  22  2:34  Drone x2  
  22  2:35  Queen  
  28  2:40  Queen  
  28  2:42  Zergling x2  
  31  2:44  Zergling x2  
  32  2:54  Drone x4  
  36  3:01  Queen  
  38  3:06  Overlord  
  38  3:11  Drone x2  
  40  3:16  Overlord  
  40  3:23  Drone  
  40  3:25  Overlord  
  40  3:26  Drone x3  
  44  3:29  Extractor  
  44  3:30  Extractor x3  
  40  3:34  Drone  
  40  3:37  Overlord x2  
  41  3:46  Drone, Roach Warren  
  41  3:49  Drone x2  
  41  4:01  Queen  
  39  4:08  Queen  
  39  4:11  Drone x3  
  39  4:13  Drone  
  39  4:15  Drone  
  44  4:23  Metabolic Boost  
  44  4:41  Drone x3  
  44  4:42  Drone x3  
  50  4:54  Spore Crawler  
  50  4:59  Drone  
  52  5:00  Drone x8  
  58  5:09  Spore Crawler  
  58  5:13  Drone x3  
  60  5:20  Drone x3  
  60  5:21  Spore Crawler, Drone  
  62  5:28  Drone x4  
  65  5:42  Queen  
  66  5:54  Overlord  
  66  5:55  Overlord  
  66  6:05  Lair  
  66  6:10  Drone x8  
  74  6:12  Overlord x5  
  74  6:45  Hatchery, Zergling x22  
  84  6:55  Evolution Chamber  
  84  6:56  Evolution Chamber  
  82  7:02  Zergling x16  
  91  7:08  Zergling x2  
  91  7:09  Zergling x8  
  91  7:15  Hatchery  
  94  7:16  Hatchery  
  94  7:21  Zergling x2  
  94  7:22  Zergling x4  
  74  7:50  Zergling x2  
  74  7:51  Zergling x20  
  73  7:52  Queen  
  73  8:03  Zergling x2  
  73  8:04  Zergling x8  
  76  8:23  Spire  
  76  8:24  Spire  
  76  8:25  Zergling x14  
  76  8:26  Zergling x2  
  71  8:40  Queen  
  73  8:42  Drone x7  
  73  8:43  Drone x5  
  79  9:16  Extractor  
  75  9:17  Extractor  
  74  9:35  Mutalisk  
  74  9:36  Mutalisk x20  
  116  9:39  Extractor  
  116  9:43  Extractor  
  106  9:57  Mutalisk  
  106  9:58  Mutalisk x6  
  117  10:12  Zerg Flyer Weapons Level 1  
  109  10:28  Mutalisk  
  109  10:29  Mutalisk x2  
  109  10:32  Queen  
  116  10:48  Hatchery  
  115  10:56  Mutalisk x3  
  121  11:05  Zergling x20  
  121  11:06  Zergling x4  
  133  11:38  Overlord x3  
  133  11:39  Overlord  
Show
View Real Time Build Order
Export as new Build Order

JOKEOFF Protoss 

Build Orders: Oracle Opening 

Get SALT Encoding   

  12  0:02  Probe (Chrono Boost)  
  13  0:13  Probe (Chrono Boost)  
  14  0:24  Pylon  
  14  0:27  Probe (Chrono Boost)  
  15  0:45  Gateway  
  15  0:49  Probe (Chrono Boost)  
  16  0:58  Assimilator  
  16  1:02  Probe (Chrono Boost)  
  16  1:03  Assimilator  
  17  1:13  Probe (Chrono Boost)  
  18  1:24  Probe (Chrono Boost)  
  19  1:34  Cybernetics Core  
  19  1:37  Probe (Chrono Boost)  
  20  1:42  Pylon  
  20  1:47  Probe (Chrono Boost)  
  21  1:55  Zealot  
  21  2:00  Probe (Chrono Boost)  
  24  2:15  Stargate  
  24  2:38  Nexus  
  24  2:40  Warp Gate  
  24  2:45  Adept  
  26  2:56  Probe (Chrono Boost)  
  27  3:03  Oracle (Chrono Boost)  
  30  3:09  Probe (Chrono Boost)  
  31  3:15  Pylon  
  31  3:23  Gateway  
  31  3:34  Mothership Core  
  33  3:40  Adept  
  35  3:55  Probe  
  36  3:56  Probe  
  37  4:06  Probe  
  37  4:07  Probe  
  39  4:14  Phoenix (Chrono Boost)  
  41  4:19  Probe  
  42  4:24  Probe  
  42  4:25  Forge  
  44  4:31  Probe  
  44  4:35  Probe  
  45  4:43  Probe  
  46  4:45  Gateway  
  46  4:47  Phoenix (Chrono Boost)  
  46  4:50  Adept  
  46  4:52  Probe  
  50  4:59  Pylon  
  51  5:02  Probe  
  52  5:22  Robotics Facility  
  52  5:23  Probe  
  52  5:24  Gateway, Probe  
  52  5:27  Pylon  
  54  5:30  Protoss Ground Weapons Level 1  
  51  5:50  Probe  
  51  5:51  Probe  
  53  6:00  Probe  
  53  6:03  Probe  
  55  6:05  Nexus  
  55  6:06  Zealot  
  55  6:07  Zealot x2  
  61  6:12  Pylon  
  61  6:19  Immortal  
  65  6:27  Pylon, Probe  
  65  6:29  Pylon  
  66  6:40  Stalker x3  
  66  6:41  Probe  
  73  6:48  Stalker  
  75  6:59  Observer  
  76  7:14  Adept x4  
  66  7:53  Adept x4  
  68  8:04  Immortal  
  66  8:05  Protoss Ground Armor Level 1 (Chrono Boost)  
  66  8:08  Forge  
  66  8:10  Probe  
  67  8:13  Twilight Council  
  67  8:18  Adept  
  67  8:19  Adept x3  
  75  8:33  Pylon  
  75  8:41  Blink  
  75  8:43  Adept x4  
  83  8:49  Immortal  
  83  8:53  Protoss Ground Weapons Level 2 (Chrono Boost)  
  83  8:54  Probe  
  83  8:55  Probe x2  
  90  9:08  Adept x3  
  90  9:09  Adept  
  90  9:19  Nexus  
  90  9:24  Pylon  
  90  9:26  Pylon  
  90  9:27  Pylon  
  90  9:30  Pylon  
  90  9:32  Pylon  
  90  9:33  Adept x3  
  90  9:34  Adept  
  90  9:35  Photon Cannon  
  73  10:15  Stalker x4  
  73  10:18  Probe  
  73  10:19  Probe x2  
  76  10:30  Probe  
  76  10:31  Probe  
  74  10:46  Stalker  
Tags
 
Add a new tag
Caveats
  • Supply blocks, unpowered buildings, or Contaminate may cause inaccurate times.
  • Supply counts are checked every 10 seconds.